AoeStats
← 特級過呪怨靈

Oasis

507910215Analyzed
4v4 RM · 13d ago on Sep 20, 2026· 38m 21s· 8 players
Game mode
Random Map
Map size
Large (8 player)
Population
200
Speed
Normal
Resources
Standard
Victory
Conquest
Starting age
Dark Age
Ending age
Imperial Age
RankedLock teamsTeams togetherTeam positionsShared explorationLock speedFull tech treeHidden civsTurbo modeCheats
Victory
Defeat
🇦🇷 Lithuanians · Argentina
1150
+12
1124
+13
🇨🇳 Teutons · China
1114
+13
🇨🇳 Khitans · China
1071
+16
🇹🇼 Jurchens · Taiwan
1061
-13
🇺🇸 Persians · United States
1061
-14
🇹🇼 Gurjaras · Taiwan
1060
-14
🇹🇼 Koreans · Taiwan
1051
-13
丧心病狂
8:07 Loom
11:55 Feudal Age
15:46 Castle Age
14:53 Horse Collar
15:19 Double-Bit Axe
18:16 Bow Saw
22:58 Forging
22:53 Scale Barding Armor
22:58 Scale Mail Armor
25:09 Heavy Plow
28:31 Wheelbarrow
28:11 Bloodlines
28:08 Gold Mining
31:30 Hand Cart
34:25 Imperial Age
31:40 Town Watch
32:30 Scale Barding Armor
33:04 Town Patrol
33:40 Iron Casting
34:01 Chain Barding Armor
34:35 Cavalier
37:26 Blast Furnace
37:09 Plate Barding Armor
37:31 Conscription
QQ12346908
10:51 Feudal Age
15:11 Castle Age
13:16 Double-Bit Axe
16:33 Bow Saw
17:26 Horse Collar
19:51 Loom
21:50 Heavy Plow
22:54 Stone Mining
24:22 Wheelbarrow
25:05 Fervor
27:31 Hand Cart
27:03 Town Watch
27:57 Gold Mining
32:37 Imperial Age
30:23 Forging
30:18 Scale Barding Armor
32:03 Iron Casting
31:30 Caravan
33:05 Chain Barding Armor
34:18 Two-Man Saw
32:41 Elite Leitis
33:42 Conscription
34:04 Bloodlines
34:26 Husbandry
33:49 Light Cavalry
35:33 Plate Barding Armor
36:36 Crop Rotation
37:00 Fletching
37:11 Scale Mail Armor
36:35 Pikeman
37:15 Squires
panda
1:19 Loom
10:35 Feudal Age
13:20 Fletching
22:57 Castle Age
21:52 Padded Archer Armor
21:39 Domestication
21:48 Double-Bit Axe
23:39 Gold Mining
23:53 Pastoralism
24:24 Scale Barding Armor
27:57 Forging
28:40 Chain Barding Armor
30:34 Iron Casting
30:34 Bow Saw
31:09 Wheelbarrow
31:08 Husbandry
33:27 Hand Cart
34:05 Stone Mining
37:40 Imperial Age
34:56 Town Watch
37:39 Scale Mail Armor
38:17 Heavy Camel Rider
rodolfo casas noten¨o
0:40 Loom
13:36 Feudal Age
20:20 Castle Age
18:43 Double-Bit Axe
25:09 Wheelbarrow
27:24 Scale Mail Armor
28:27 Horse Collar
29:36 Hand Cart
30:25 Town Watch
31:34 Caravan
32:39 Pikeman
33:59 Chain Mail Armor
34:38 Fortified Wall
35:32 Heavy Plow
36:28 Squires
36:40 Forging
38:39 Iron Casting
Kenny
6:51 Loom
7:12 Loom
9:42 Feudal Age
10:41 Double-Bit Axe
16:20 Castle Age
14:47 Horse Collar
17:25 Husbandry
20:22 Bow Saw
21:59 Heavy Plow
25:17 Gold Mining
25:23 Stone Mining
26:13 Scale Barding Armor
27:34 Gold Shaft Mining
27:44 Bloodlines
27:49 Forging
30:57 Light Cavalry
自由人要乐奈
3:50 Loom
11:27 Feudal Age
15:05 Castle Age
13:26 Double-Bit Axe
14:36 Horse Collar
14:56 Loom
16:00 Bow Saw
19:52 Wheelbarrow
24:08 Gold Mining
25:10 Scale Barding Armor
26:24 Heavy Plow
29:06 Forging
31:53 Chain Barding Armor
31:59 Husbandry
32:44 Gold Shaft Mining
33:05 Bloodlines
36:36 Iron Casting
疯穿箱子
12:46 Feudal Age
18:17 Castle Age
17:47 Double-Bit Axe
17:46 Horse Collar
31:42 Imperial Age
29:51 Wheelbarrow
30:54 Hand Cart
31:38 Husbandry
31:49 Bloodlines
33:59 Heavy Camel Rider
35:43 Conscription
36:32 Bow Saw
36:37 Kshatriyas
37:34 Forging
37:30 Scale Barding Armor
特級過呪怨靈
6:05 Loom
12:27 Feudal Age
12:27 Loom
18:35 Castle Age
Connection lost

Rejoining the realm…

Still unreachable

The connection could not be restored.

Session expired

The server has moved on; the page needs a fresh start.